 Dungeon Crawl Stone Soup version 0.17-a0-1572-g7a1422d (webtiles) character file.

322080 dorian the Slayer (level 21, 0/249 HPs)
             Began as an Ogre Hunter on July 23, 2015.
             Was the Champion of Trog.
             Killed from afar by a fire giant (34 damage)
             ... with a bolt of fire
             ... on level 3 of the Vaults on July 25, 2015.
             The game lasted 04:12:49 (58613 turns).

dorian the Slayer (Ogre Hunter)                    Turns: 58613, Time: 04:12:50

Health: 0/249      AC: 16    Str: 25    XL:     21   Next: 90%
Magic:  21/21      EV: 14    Int: 23    God:    Trog [******]
Gold:   4421       SH:  0    Dex: 10    Spells: 0 memorised, 20 levels left

rFire  . . .     SeeInvis .     n - +4 giant club of the Lair of Beasts {speed, rElec Int+3}
rCold  . . .     Clarity  .     Y - +0 troll leather armour
rNeg   . . .     SustAt   .     (no shield)
rPois  +         Gourm    +     F - +2 hat
rElec  +         Spirit   .     B - +0 cloak
rCorr  .         Warding  .     (gloves unavailable)
rMut   .         Stasis   .     (boots unavailable)
MR     ++++.                    N - amulet of Pediuck {Gourm Int+3}
Stlth  +.........               W - +6 ring of protection
                                U - ring of Zysmacis {+Fly rPois}

@: lethally poisoned (0 -> 0), regenerating, incredibly resistant to hostile
enchantments, very unstealthy
A: unfitting armour, clever 1, mutation resistance 1, tough skin 1
a: Burn Spellbooks, Berserk, Trog's Hand, Brothers in Arms, Renounce Religion,
Evoke Flight
}: 1/15 runes: gossamer


You were on level 3 of the Vaults.
You worshipped Trog.
Trog was exalted by your worship.
You were completely stuffed.

You visited 7 branches of the dungeon, and saw 39 of its levels.
You also visited: Sewer and Ossuary.

You collected 5060 gold pieces.
You spent 639 gold pieces at shops.

Inventory:

Hand weapons
 k - the +3 giant spiked club "Nohuch" {venom, SInv}
   (Trog gifted it to you on level 1 of the Elven Halls)

   It poisons the flesh of those it strikes.
   It lets you see invisible.
 n - the +4 giant club of the Lair of Beasts (weapon) {speed, rElec Int+3}
   (Trog gifted it to you on level 1 of the Vaults)

   Attacks with this weapon are significantly faster.
   It affects your intelligence (+3).
   It insulates you from electricity.
 z - a +2 morningstar of holy wrath
Missiles
 s - 4 steel javelins (quivered)
 y - 3 poisoned javelins
 C - 6 javelins of penetration
 L - 2 tomahawks of dispersal
 P - 4 tomahawks
 X - 53 large rocks
Armour
 B - a +0 cloak (worn)
 F - a +2 hat (worn)
 Q - the +0 robe "Bocuzid" {rElec rPois}
   (You found it on level 8 of the Lair of Beasts)

   It insulates you from electricity.
   It protects you from poison.
 Y - a +0 troll leather armour (worn)
Rods
 b - a +9 rod of ignition (9/9)
   (You took it off a deep elf knight on level 3 of the Elven Halls)
Jewellery
 d - the ring of Ariverchu {rC+ MR++ Dex+5 Stlth-}
   (You took it off a kobold demonologist on level 15 of the Dungeon)

   [ring of protection from cold]

   It affects your dexterity (+5).
   It protects you from cold.
   It affects your resistance to hostile enchantments.
   It makes you less stealthy.
 w - an uncursed amulet of guardian spirit
 M - an uncursed ring of protection from fire
 N - the amulet of Pediuck (around neck) {Gourm Int+3}
   (You found it on level 12 of the Dungeon)

   [amulet of the gourmand]

   It allows you to eat raw meat even when not hungry.
   It affects your intelligence (+3).
 O - an uncursed amulet of resist mutation
 U - the ring of Zysmacis (left hand) {+Fly rPois}
   (You found it on level 15 of the Dungeon)

   [ring of flight]

   It protects you from poison.
   It lets you fly.
 W - a +6 ring of protection (right hand)
Magical devices
 c - a wand of flame (25)
 m - a wand of hasting (3)
 p - a wand of lightning (5)
 G - a wand of teleportation (0)
 K - a wand of frost (18)
 V - a wand of digging (2)
 Z - a wand of heal wounds (3)
Scrolls
 a - 5 scrolls of recharging
 f - 11 scrolls of identify
 h - 11 scrolls of teleportation
 l - 3 scrolls of blinking
 r - 5 scrolls of fog
 u - 17 scrolls of remove curse
 v - a scroll of immolation
Potions
 e - a potion of invisibility
 j - 3 potions of haste
 q - 14 potions of curing
 x - 4 potions of might
 E - a potion of agility
 H - 6 potions of flight
 I - a potion of resistance
Miscellaneous
 g - a fan of gales
 i - a lamp of fire
Comestibles
 o - 34 beef jerkies
 t - 2 meat rations
 A - a fruit
 D - 8 chunks of flesh
 J - 2 royal jellies


   Skills:
 + Level 23.2 Fighting
   Level 1.1 Short Blades
 + Level 23.1 Maces & Flails
 + Level 20.8 Throwing
 + Level 12.2 Armour
 - Level 11.4 Dodging
 - Level 0.7 Stealth


You had 20 spell levels left.
You didn't know any spells.

Dungeon Overview and Level Annotations

Branches:
Dungeon (15/15)            Temple (1/1) D:5            Lair (8/8) D:8
  Swamp (0/4) Lair:4       Spider (4/4) Lair:5        Slime (0/6) Lair:7
    Orc (4/4) D:10            Elf (3/3) Orc:3        Vaults (4/5) D:13
 Depths (0/5) D:15
  Crypt: Vaults:2-3

Altars:
Ashenzari
Cheibriados
Dithmenos
Elyvilon
Fedhas
Gozag
Kikubaaqudgha
Makhleb
Nemelex Xobeh
Okawaru
Qazlal
Ru
Sif Muna
Trog
Vehumet
Xom
Yredelemnul
Zin
The Shining One
Jiyva

Shops:
D:9 (   D:11 =   Orc:3 *   Orc:4 (=[   Elf:3 !   Vaults:1 [   Vaults:3 *


Innate Abilities, Weirdness & Mutations

You are too large for most types of armour.
You have tough skin (AC +1).
Your mind is acute. (Int +2)
You are somewhat resistant to further mutation.


Message History

You kill the ironheart preserver!
Trog accepts your kill.
Trog appreciates your killing of a magic user.
You feel sick.
You hear a shout! x2
You feel sick.
The fire giant gestures at you while chanting.
The fireball explodes!
The fireball engulfs you!
You hear a shout! x7
An ogre comes into view. It is wielding a giant club.
You feel sick.
The fire giant points at you and mumbles some strange words.
The fireball explodes!
The fireball engulfs you!
* * * LOW HITPOINT WARNING * * *
The orc knight roars a battlecry!
You hear a shout!
You feel sick. The fire giant casts a spell at you. The bolt of fire hits you!
You die...

#..>...##... #......##.#.
#......##...
#############......##... #
#...........#......##... .%
#....#.#...††(.....##### ...
#....###.(..######## # ...
#....#.#....############ #..
#.###..@###.#..........#
#...#..#(....#..#..........#
+...'.###...###.#..........#
#...#....#.#)...#..........#
#..##..>.###Cp).'..........'
...# #....#
#....'..........# ...#
#........T..############ ..#
#########o### # #+ ..# #


You could see a fire giant, an orc knight and a troll.

Vanquished Creatures
  Mara (Vaults:4)
  Frederick (Vaults:2)
  Arachne (Spider:2)
  A lich (Vaults:3)
  Asterion (Spider:2)
  2 deep elf blademasters (Elf:3)
  2 deep elf master archers (Elf:3)
  Agnes (D:14)
  A tengu reaver (Vaults:4)
  A shadow dragon (Vaults:2)
  A storm dragon (Vaults:3)
  A fire giant (D:15)
  4 ghost moths (Spider:4)
  Maud (D:11)
  An orc warlord (Orc:4)
  A frost giant (D:15)
  14 vault wardens
  2 emperor scorpions (Spider:4)
  Aizul (Elf:1)
  4 deep elf sorcerers (Elf:3)
  9 ironheart preservers
  A very ugly thing (Vaults:2)
  4 deep elf demonologists (Elf:3)
  3 stone giants
  6 deep elf annihilators (Elf:3)
  Nessos (D:12)
  Azrael (D:15)
  A salamander stormcaller (Vaults:2)
  The ghost of Conn321 the Peltast, a powerful HaHu of Qazlal (Elf:1)
  12 vault guards
  2 deep elf death magi
  2 ettins
  A deep elf high priest (Elf:3)
  2 fire dragons (Vaults:2)
  11 yaktaur captains
  Fannar (D:12)
  3 ice dragons
  A rakshasa (Vaults:2)
  15 centaur warriors
  Harold (D:12)
  9 hydras
  2 death knights (Vaults:3)
  11 ogre magi
  2 entropy weavers
  4 great orbs of eyes
  14 death yaks
  13 dancing weapons
  A deep troll earth mage (Vaults:2)
  An anaconda (shapeshifter) (Vaults:1)
  2 deep troll shamans (D:15)
  A spriggan (D:15)
  6 orc high priests
  22 deep elf knights
  Nergalle (D:11)
  A fire crab (shapeshifter) (Vaults:1)
  7 unseen horrors
  A fire crab (Vaults:2)
  A shadow wraith (Vaults:3)
  9 deep elf summoners
  3 flayed ghosts
  9 hill giants
  An ice statue (D:12)
  8 deep trolls
  Pikel (D:4)
  4 orc sorcerers
  A human zombie (Vaults:3)
  9 deep elf conjurers
  4 lindwurms (Lair:3)
  19 orc knights
  11 ironbrand convokers
  A manticore (D:15)
  3 necromancers
  3 griffons
  12 cyclopes
  10 orb spiders
  13 hornets
  A salamander (shapeshifter) (D:15)
  24 ugly things
  32 wolf spiders
  13 elephants
  An octopode (shapeshifter) (D:11)
  A fire giant skeleton (Vaults:3)
  5 black mambas
  13 spiny frogs
  A spiny frog (shapeshifter) (Elf:2)
  3 centaur skeletons
  5 moths of wrath
  A torpor snail (Lair:6)
  A torpor snail (shapeshifter) (Vaults:1)
  7 komodo dragons
  22 vault sentinels
  4 kobold demonologists
  A naga mage (D:15)
  2 efreet
  A fire drake (shapeshifter) (Vaults:2)
  40 yaktaurs
  4 deep elf priests
  15 jumping spiders
  A tengu conjurer (D:15)
  15 demonic crawlers
  A spriggan druid (Lair:5)
  3 freezing wraiths
  4 red devils (Elf:2)
  A wolf spider simulacrum (D:15)
  27 blink frogs
  Grinder (D:5)
  22 two-headed ogres
  10 polar bears
  Prince Ribbit (D:8)
  12 slime creatures
  A raiju (Lair:8)
  11 trolls
  6 boulder beetles
  31 trapdoor spiders
  29 tarantellas
  43 redbacks
  Sigmund (D:3)
  2 shadows
  62 yaks
  48 deep elf magi
  9 vampire mosquitoes
  3 yaktaur simulacra
  10 hippogriffs
  13 basilisks
  4 fire elementals
  2 hungry ghosts
  37 deep elf fighters
  34 wolves
  2 hippogriffs (shapeshifter)
  A wyvern (D:14)
  15 wargs
  4 mottled dragons
  19 water moccasins
  2 nagas (D:15)
  10 porcupines
  Duvessa (D:5)
  3 wasps
  3 sky beasts
  4 ice beasts
  An eye of draining (D:10)
  8 hell hounds
  29 spiders
  5 phantoms
  13 black bears
  55 orc warriors
  42 ogres
  14 centaurs
  15 crocodiles
  11 boggarts
  25 giant frogs
  3 big kobolds
  A glowing shapeshifter simulacrum (Vaults:3)
  A wyvern zombie (Ossuary)
  Dowan (D:5)
  A wyvern skeleton (D:15)
  11 killer bees
  5 scorpions
  A water moccasin zombie (D:10)
  A human simulacrum (Vaults:3)
  2 electric eels
  2 quasits (D:10)
  A bog body (Ossuary)
  12 centaur zombies
  6 giant frog zombies
  15 hounds
  5 crimson imps
  5 giant frog skeletons
  21 orc priests
  9 jellies
  6 iguanas
  Terence (D:4)
  35 orc wizards
  3 polar bear simulacra (D:13)
  11 worker ants
  5 yak simulacra (D:13)
  A wolf simulacrum (D:13)
  2 killer bee zombies
  23 sheep
  3 hound zombies (Ossuary)
  A hound skeleton (D:3)
  16 mummies (Ossuary)
  3 gnolls
  50 river rats
  9 shadow imps
  12 adders
  2 white imps (Lair:6)
  2 giant eyeballs (D:15)
  2 oozes
  2 adder zombies (Ossuary)
  An adder skeleton (D:6)
  3 worms
  5 giant geckos
  195 orcs
  A bat skeleton (D:7)
  6 bat zombies (Ossuary)
  9 giant cockroaches
  17 goblins
  14 hobgoblins
  23 jackals
  27 kobolds
  8 quokkas
  A ball python (D:6)
  19 bats
  2 giant gecko zombies (Ossuary)
  3 giant newts
  2 jackal skeletons
  2 quokka skeletons
  27 rats
  2 river rat simulacra (D:13)
  3 fungi
  3 plants
1928 creatures vanquished.

Vanquished Creatures (collateral kills)
  A deep elf blademaster (Elf:2)
  An emperor scorpion (Spider:4)
  2 deep elf demonologists (Elf:3)
  3 deep elf death magi (Elf:3)
  7 dancing weapons (Elf:2)
  2 ugly things (Vaults:2)
  A jumping spider (Spider:4)
  2 deep elf fighters (Elf:2)
  A wasp (shapeshifter) (Vaults:2)
  A worker ant (D:12)
  A river rat (Lair:6)
22 creatures vanquished.

Vanquished Creatures (others)
  27 fungi
  31 plants
58 creatures vanquished.

Grand Total: 2008 creatures vanquished

Notes
Turn   | Place    | Note
--------------------------------------------------------------
     0 | D:1      | dorian the Ogre Hunter began the quest for the Orb.
     0 | D:1      | Reached XP level 1. HP: 22/22 MP: 1/1
   104 | D:1      | Reached XP level 2. HP: 22/29 MP: 2/2
   295 | D:1      | Reached skill level 5 in Throwing
   679 | D:2      | Found an ancient bone altar of Kikubaaqudgha.
   769 | D:2      | You fall through a shaft for 2 floors!
   786 | D:3      | Noticed Terence
   803 | D:4      | Killed Terence
   803 | D:4      | Reached XP level 3. HP: 23/37 MP: 3/3
  1054 | D:3      | Reached XP level 4. HP: 38/45 MP: 4/4
  1058 | D:3      | Reached skill level 6 in Throwing
  1872 | D:2      | Found a glowing silver altar of Zin.
  1958 | D:3      | Reached XP level 5. HP: 49/53 MP: 5/5
  1979 | D:3      | Noticed Sigmund
  1993 | D:3      | Killed Sigmund
  1993 | D:3      | Reached skill level 7 in Throwing
  1993 | D:3      | Reached XP level 6. HP: 35/62 MP: 6/6
  2583 | D:3      | Reached skill level 1 in Short Blades
  2846 | D:4      | Noticed an ogre
  2915 | D:2      | Killed an ogre
  2915 | D:2      | Reached skill level 1 in Maces & Flails
  2915 | D:2      | Reached XP level 7. HP: 44/71 MP: 7/7
  3147 | D:3      | Reached skill level 8 in Throwing
  3196 | D:4      | Found a radiant altar of Vehumet.
  3324 | D:4      | Reached skill level 5 in Fighting
  3492 | D:4      | Noticed a slave
  3492 | D:4      | Noticed Pikel
  3492 | D:4      | Noticed a slave
  3494 | D:4      | Noticed a slave
  3494 | D:4      | Noticed a slave
  3515 | D:4      | Killed Pikel
  3515 | D:4      | Reached XP level 8. HP: 72/84 MP: 8/8
  3797 | D:5      | Entered Level 5 of the Dungeon
  3799 | D:5      | Noticed Grinder
  3815 | D:5      | Killed Grinder
  3815 | D:5      | Reached skill level 9 in Throwing
  3916 | D:5      | Upgraded the game from 0.17-a0-1570-g74b7129 to 0.17-a0-1572-g7a1422d
  4034 | D:5      | Noticed Duvessa
  4034 | D:5      | Noticed Dowan
  4038 | D:5      | Killed Duvessa
  4038 | D:5      | Reached skill level 5 in Maces & Flails
  4039 | D:5      | Killed Dowan
  4066 | D:5      | Found a sand-covered staircase.
  4071 | Ossuary  | Entered an ossuary
  4150 | Ossuary  | Reached XP level 9. HP: 63/97 MP: 9/9
  4860 | D:5      | Found a staircase to the Ecumenical Temple.
  4869 | Temple   | Entered the Ecumenical Temple
  4873 | Temple   | Became a worshipper of Trog the Wrathful
  5263 | D:5      | Reached skill level 10 in Throwing
  6099 | D:6      | Found a glowing drain.
  6137 | Sewer    | Entered a sewer
  6219 | Sewer    | Acquired Trog's first power
  6236 | Sewer    | Found a white marble altar of Elyvilon.
  6482 | D:6      | Found a deep blue altar of Sif Muna.
  6815 | D:7      | Gained mutation: Your mind is acute. (Int +2) [mutagenic meat]
  6824 | D:7      | Gained mutation: You are somewhat resistant to further mutation. [mutagenic meat]
  7221 | D:7      | Acquired Trog's second power
  7388 | D:7      | Reached XP level 10. HP: 109/109 MP: 10/10
  7395 | D:7      | Found a blossoming altar of Fedhas.
  8202 | D:8      | Reached skill level 10 in Fighting
  8377 | D:8      | Reached skill level 10 in Maces & Flails
  8481 | D:8      | Noticed Prince Ribbit
  8881 | D:8      | Found a staircase to the Lair.
  9415 | D:9      | Reached skill level 11 in Throwing
  9918 | D:9      | Received a gift from Trog
  9979 | D:9      | Acquired Trog's third power
 10526 | D:9      | Found Tolimof's Antique Weapon Shoppe.
 10881 | D:9      | Reached XP level 11. HP: 111/120 MP: 11/11
 10990 | D:9      | Reached skill level 5 in Dodging
 11104 | D:10     | Entered Level 10 of the Dungeon
 11133 | D:9      | Found an iron altar of Okawaru.
 11142 | D:9      | Found a shattered altar of Ashenzari.
 11365 | D:9      | Received a gift from Trog
 12062 | D:11     | Noticed Maud
 12074 | D:11     | Killed Maud
 12331 | D:10     | Found a staircase to the Orcish Mines.
 12514 | D:10     | Reached skill level 12 in Throwing
 12818 | D:11     | Found Gijieggu's Jewellery Shop.
 12833 | D:11     | Noticed an unseen horror
 12857 | D:11     | Killed an unseen horror
 13018 | D:11     | Noticed Nergalle
 13030 | D:11     | Killed Nergalle
 13118 | D:11     | Noticed a hill giant
 13133 | D:11     | Killed a hill giant
 13386 | D:11     | Reached XP level 12. HP: 129/133 MP: 12/12
 13582 | D:11     | Noticed an unseen horror
 13585 | D:11     | Killed an unseen horror
 14055 | D:12     | Noticed Fannar
 14152 | D:12     | Killed Fannar
 14165 | D:12     | Noticed Harold
 14300 | D:12     | Noticed a centaur warrior
 14717 | D:12     | Noticed Nessos
 15101 | D:11     | Killed a centaur warrior
 15101 | D:11     | Received a gift from Trog
 15101 | D:11     | Reached skill level 13 in Maces & Flails
 15349 | D:12     | Killed Harold
 15373 | D:12     | Killed Nessos
 15900 | D:12     | Reached XP level 13. HP: 113/144 MP: 13/13
 16013 | D:12     | Got a transparent bone amulet
 16022 | D:12     | Identified the amulet of Pediuck {Gourm Int+3} (You found it on level 12 of the Dungeon)
 16067 | D:12     | Reached skill level 14 in Maces & Flails
 16172 | D:12     | Received a gift from Trog
 16691 | Lair:1   | Entered Level 1 of the Lair of Beasts
 19606 | Lair:3   | Reached skill level 15 in Maces & Flails
 20150 | Lair:3   | Received a gift from Trog
 20226 | Lair:3   | Got an ichor-stained spear
 20228 | Lair:3   | Identified the +5 spear of Causality {freeze, -Tele rN+++ Str+3 Int+3} (You found it on level 3 of the Lair of Beasts)
 20282 | Lair:4   | Reached XP level 14. HP: 96/157 MP: 14/14
 20300 | Lair:4   | Reached skill level 15 in Fighting
 20718 | Lair:4   | Found a staircase to the Swamp.
 21883 | Lair:5   | Reached skill level 10 in Dodging
 22160 | Lair:5   | Received a gift from Trog
 22401 | Lair:5   | Found a hole to the Spider Nest.
 22570 | Lair:5   | Received a gift from Trog
 23237 | Lair:6   | Reached skill level 16 in Maces & Flails
 23931 | Lair:6   | Reached skill level 15 in Throwing
 23953 | Lair:6   | Received a gift from Trog
 24361 | Lair:6   | Received a gift from Trog
 25184 | Lair:7   | Found a staircase to the Slime Pits.
 25185 | Lair:7   | Found a viscous altar of Jiyva.
 25247 | Lair:6   | Reached XP level 15. HP: 157/171 MP: 15/15
 25881 | Lair:7   | Received a gift from Trog
 25902 | Lair:7   | Got a bloodstained morningstar {god gift}
 25903 | Lair:7   | Identified the +8 morningstar of the Owl {flame, MR+} (Trog gifted it to you on level 7 of the Lair of Beasts)
 26630 | Lair:8   | Entered Level 8 of the Lair of Beasts
 26763 | Lair:7   | Reached skill level 1 in Armour
 27273 | Lair:8   | Reached skill level 17 in Fighting
 27508 | Lair:8   | Received a gift from Trog
 27695 | Lair:8   | Got a creamy pearl robe
 27822 | Lair:8   | Identified the cursed +0 robe "Bocuzid" {rElec rPois} (You found it on level 8 of the Lair of Beasts)
 29354 | D:13     | Found a gate to the Vaults.
 29895 | D:14     | Received a gift from Trog
 30079 | D:14     | Reached XP level 16. HP: 183/183 MP: 16/16
 30319 | D:14     | Received a gift from Trog
 30467 | D:14     | Noticed Agnes
 30474 | D:14     | Killed Agnes
 30786 | D:15     | Entered Level 15 of the Dungeon
 30942 | D:15     | Got a clouded iron ring
 30961 | D:14     | Identified the ring of Zysmacis {+Fly rPois} (You found it on level 15 of the Dungeon)
 31027 | D:15     | Found a shattered altar of Ashenzari.
 31073 | D:15     | Noticed Azrael
 31109 | D:15     | Killed Azrael
 31749 | D:15     | Found a glowing silver altar of Zin.
 31771 | D:15     | Reached skill level 18 in Maces & Flails
 32171 | D:14     | Received a gift from Trog
 32292 | D:15     | Reached skill level 5 in Armour
 32920 | D:15     | Got a smoking amber ring
 32971 | D:15     | Found a staircase to the Depths.
 33045 | D:15     | Got a sparkling copper ring
 33237 | D:15     | Identified the ring of Ariverchu {rC+ MR++ Dex+5 Stlth-} (You took it off a kobold demonologist on level 15 of the Dungeon)
 33239 | D:15     | Identified the ring of Vaduatio {Str+5 Int+4} (You took it off an orc warrior on level 15 of the Dungeon)
 33411 | D:15     | Found a shattered altar of Ashenzari.
 33683 | Orc:1    | Entered Level 1 of the Orcish Mines
 33702 | Orc:1    | Received a gift from Trog
 33755 | Orc:1    | Received a gift from Trog
 34189 | Orc:2    | Received a gift from Trog
 34382 | Orc:2    | Received a gift from Trog
 34567 | Orc:3    | Found Gizuhisi's Assorted Antiques.
 34580 | Orc:3    | Found a staircase to the Elven Halls.
 34797 | Orc:3    | Received a gift from Trog
 35048 | Orc:4    | Entered Level 4 of the Orcish Mines
 35228 | Orc:3    | Received a gift from Trog
 35605 | Orc:4    | Found Qacyth's Jewellery Emporium.
 35808 | Orc:4    | Reached XP level 17. HP: 171/194 MP: 17/17
 36201 | Orc:4    | Found Yhuremaz's General Store.
 36444 | Orc:4    | Received a gift from Trog
 36558 | Orc:4    | Found Todghir's Antique Weapon Emporium.
 36572 | Orc:4    | Bought a shimmering great sword for 276 gold pieces
 36870 | Orc:4    | Found Unyqatt's Antique Armour Boutique.
 37184 | D:8      | Killed Prince Ribbit
 37238 | Lair:1   | Identified the +9 great sword of Conscience {slice, Int+4} (You bought it in a shop on level 4 of the Orcish Mines)
 37477 | Spider:1 | Entered Level 1 of the Spider Nest
 37756 | Spider:1 | Received a gift from Trog
 38236 | Spider:1 | Reached skill level 19 in Fighting
 38525 | Spider:1 | Received a gift from Trog
 39062 | Spider:2 | Noticed Arachne
 39079 | Spider:2 | Killed Arachne
 39651 | Spider:2 | Noticed Asterion
 39756 | Spider:2 | Killed Asterion
 39954 | Spider:4 | Entered Level 4 of the Spider Nest
 40061 | Spider:3 | Received a gift from Trog
 40436 | Spider:4 | Received a gift from Trog
 40814 | Spider:3 | Received a gift from Trog
 41542 | Spider:4 | Received a gift from Trog
 41988 | Spider:4 | Reached XP level 18. HP: 210/210 MP: 18/18
 42304 | Spider:4 | Received a gift from Trog
 43989 | Spider:4 | Reached skill level 20 in Fighting
 44013 | Spider:4 | Received a gift from Trog
 44431 | Spider:4 | Got a gossamer rune of Zot
 45028 | Elf:1    | Entered Level 1 of the Elven Halls
 45226 | Elf:1    | Received a gift from Trog
 45227 | Elf:1    | Got a steaming giant spiked club {god gift}
 45228 | Elf:1    | Identified the +3 giant spiked club "Nohuch" {venom, SInv} (Trog gifted it to you on level 1 of the Elven Halls)
 45336 | Elf:1    | Noticed Aizul
 45344 | Elf:1    | Killed Aizul
 45363 | Elf:1    | Noticed Conn321's ghost (powerful HaHu)
 45373 | Elf:1    | Killed Conn321's ghost
 45814 | Elf:1    | You fall through a shaft!
 46121 | Elf:2    | Found a huge runed gate.
 46122 | Elf:2    | Found a huge runed gate.
 46123 | Elf:2    | Found a huge runed gate.
 46124 | Elf:2    | Found a huge runed gate.
 46125 | Elf:2    | Found a huge runed gate.
 46169 | Elf:2    | Received a gift from Trog
 46968 | Elf:2    | Reached XP level 19. HP: 214/221 MP: 19/19
 47416 | Elf:2    | Received a gift from Trog
 47417 | Elf:2    | Got a smoking giant club {god gift}
 47418 | Elf:2    | Identified the +5 giant club "Isuijiseoss" {drain, +Blink Str+4} (Trog gifted it to you on level 2 of the Elven Halls)
 47620 | Elf:3    | Entered Level 3 of the Elven Halls
 48167 | Elf:3    | Received a gift from Trog
 48337 | Elf:3    | Found Vuotsi Zigga's Distillery.
 48396 | Elf:3    | Bought a potion of curing for 42 gold pieces
 48396 | Elf:3    | Bought a potion of curing for 42 gold pieces
 48396 | Elf:3    | Bought a potion of curing for 42 gold pieces
 48396 | Elf:3    | Bought a potion of curing for 42 gold pieces
 49427 | Elf:3    | Got a brightly glowing copper ring
 49496 | Elf:3    | Noticed a Brimstone Fiend
 49530 | Elf:3    | Reached skill level 21 in Fighting
 49891 | Elf:3    | Identified the ring "Foedunot" {MR+ Stlth+} (You took it off a deep elf knight on level 3 of the Elven Halls)
 50494 | Elf:3    | Reached skill level 10 in Armour
 50566 | Elf:3    | Noticed a Brimstone Fiend
 50624 | Elf:3    | Received a gift from Trog
 51069 | Elf:3    | Identified the Guide on Malediction (You found it on level 3 of the Elven Halls)
 51508 | Vaults:1 | Entered Level 1 of the Vaults
 51588 | Vaults:1 | Received a gift from Trog
 51693 | Vaults:1 | Found Wiulov's Armour Shoppe.
 52099 | Vaults:1 | Received a gift from Trog
 52476 | Vaults:1 | Received a gift from Trog
 52579 | Vaults:2 | Noticed Frederick
 52589 | Vaults:2 | Killed Frederick
 52589 | Vaults:2 | Reached XP level 20. HP: 201/235 MP: 20/20
 52708 | Vaults:1 | Received a gift from Trog
 52723 | Vaults:1 | Got a crystal giant club {god gift}
 52895 | Vaults:1 | Identified the +4 giant club of the Lair of Beasts {speed, rElec Int+3} (Trog gifted it to you on level 1 of the Vaults)
 54138 | Vaults:2 | Reached skill level 22 in Fighting
 54178 | Vaults:2 | Received a gift from Trog
 55040 | Vaults:2 | Received a gift from Trog
 55989 | Vaults:2 | Reached XP level 21. HP: 247/247 MP: 21/21
 56124 | Vaults:2 | Received a gift from Trog
 56389 | Vaults:2 | Received a gift from Trog
 56872 | Vaults:3 | Found Muidgh Huce's Assorted Antiques.
 56880 | Vaults:3 | Bought a square fluorescent amulet for 195 gold pieces
 57434 | Vaults:3 | Received a gift from Trog
 57831 | Vaults:3 | Found a staircase to the Crypt.
 57917 | Vaults:3 | Got a brightly glowing giant club {god gift}
 57979 | Vaults:4 | Noticed Mara
 57984 | Vaults:4 | Killed Mara
 57984 | Vaults:4 | Reached skill level 23 in Fighting
 58137 | Vaults:3 | Identified the +5 giant club "Iruhuwa" {drain, *Confuse +Blink Int+6} (Trog gifted it to you on level 3 of the Vaults)
 58171 | Vaults:3 | Received a gift from Trog
 58581 | Vaults:3 | Paralysed by a hornet for 3 turns
 58613 | Vaults:3 | Killed from afar by a fire giant

Vault maps used:
D:1:      matt_arrival_spirals, hex_large
D:2:      nicolae_overflow_hidden_temple, zin_treasury, first_bread
D:3:      uniq_sigmund, uniq_terence
D:4:      fiery_altar_vehumet, uniq_pikel
D:5:      minmay_temple_entry_large_hall, enter_ossuary_5, uniq_grinder,
          uniq_duvessa
D:6:      lemuel_blue_sif_altar, portal_sewer_entry_a, kennysheep_cluttered_room
D:7:      fedhas_altar_3, grunt_ogre_cave
D:8:      grunt_lair_entry_elf_guard_hut, serial_bayou_crossing,
          uniq_prince_ribbit1
D:9:      overflow_temple_1_default, kennysheep_mini_moat, serial_shops,
          nicolae_shop_waterfront
D:10:     hiddenorc1_lemuel
D:11:     serial_shops, kennysheep_little_box, nooodl_food_tri, uniq_maud,
          uniq_nergalle
D:12:     serial_bayou, serial_bayou_pond_b, serial_bayou_pond_c,
          serial_bayou_pond_d, serial_bayou_pond_d, st_stairs_10, minivault_15,
          uniq_harold, uniq_nessos, uniq_fannar
D:13:     erik_vaults_1, eino_house_with_fridge
D:14:     small_statue_intersection, uniq_agnes
D:15:     hangedman_spin_cycle
Temple:   minmay_freezing_vapour_temple_12
Lair:1:   grunt_forest_large_clearings, grunt_megastairs_4
Lair:3:   minmay_lindwurm_lava, grunt_megastairs_3
Lair:4:   minmay_swamp_entry_swarm, columned_hall_lemuel, serial_bayou_shore_b,
          serial_bayou_shore_b
Lair:5:   nicolae_spider_entry_tight_spaces, kilobyte_rumbling_trees,
          grunt_megastairs_2
Lair:6:   bobbens_ice_dragon_lair
Lair:7:   beast_lair_carwin_large_2, slime_altar_1
Lair:8:   hangedman_lair_caniforms_friends, wormcave,
          nicolae_volcano_entry_s_turn, minivault_23,
          infiniplex_staircase_pool_2
Spider:2: uniq_asterion, uniq_arachne
Spider:4: grunt_spider_rune_parallel
Orc:1:    nicolae_orc_lava_room
Orc:3:    serial_shops, nicolae_shop_stone, nicolae_orc_pool_cavern
Orc:4:    grunt_orc_gardens, grunt_orc_garden, grunt_orc_garden,
          grunt_orc_garden, grunt_orc_garden, mines4_lemuel
Elf:1:    eino_elf_arrival_shootout, minmay_elf_crystal_heptagon, uniq_aizul
Elf:2:    grunt_ministairs_7, einodemon_armed_red_devil_minivault
Elf:3:    elf_hall, serial_shops, nicolae_shop_stone, minivault_5
Vaults:1: ontoclasm_vaults_gateway, nicolae_vaults_fighting_squares, v_misc_25,
          nicolae_vaults_little_squares_1, ontoclasm_vaults_eye, v_misc_3,
          ontoclasm_vaults_hangar, nicolae_vaults_alarming,
          vaults_mumra_minichess_inversion, ontoclasm_vaults_twist,
          dpeg_vaults_monster_box, ontoclasm_vaults_decontamination
Vaults:2: nicolae_vaults_circle_grid_a, vaults_room_boxed,
          nicolae_vaults_puzzle_piece, v_misc_11,
          nicolae_vaults_little_squares_1, vaults_room_pools,
          grunt_vaults_hallway_short, v_alt_pattern_5,
          nicolae_vaults_windows_and_doors_thing, st_cells,
          nicolae_vaults_little_squares_2, nicolae_vaults_three_branches,
          nicolae_vaults_little_squares_3, ontoclasm_vaults_loading_screen,
          nicolae_vaults_little_squares_2, uniq_frederick
Vaults:3: blue_anna_dwarven_crypt, st_cells, v_rooms_1,
          ontoclasm_vaults_loading_screen, hangedman_vaults_trim,
          hangedman_vaults_corner, hangedman_vaults_pinch,
          vaults_room_stairs_pillars, ontoclasm_vaults_bender, vaults_dpeg_ring,
          vaults_dpeg_encased_lava, nicolae_vaults_what_the_h, v_misc_15,
          hangedman_vaults_hat, v_misc_13, serial_shops, shop
Vaults:4: hangedman_vaults_cutoff, ontoclasm_vaults_spin, vaults_room_grid,
          hangedman_vaults_stagger, v_misc_11, v_misc_23, vaults_room_pool,
          nicolae_vaults_octagons, nicolae_vaults_sealed_display, v_misc_26,
          hangedman_vaults_impose, v_misc_15, vaults_dpeg_diagonal,
          serial_shops, shop_fountains, uniq_mara
Sewer:    sewer_kobolds
Ossuary:  ossuary_zaba_flooded

Action                   |  1- 3 |  4- 6 |  7- 9 | 10-12 | 13-15 | 16-18 | 19-21 || total
-------------------------+-------+-------+-------+-------+-------+-------+-------++-------
Melee: Short sword       |    29 |   107 |       |       |       |       |       ||   136
       Morningstar       |       |    12 |   295 |   770 |  1594 |  1218 |       ||  3889
       Giant spiked club |       |       |       |       |       |   115 |   263 ||   378
       Giant club        |       |       |       |       |       |     3 |   666 ||   669
Throw: Large rock        |    16 |    39 |   123 |    61 |   118 |   239 |   197 ||   793
       Throwing net      |       |     6 |       |     4 |       |       |       ||    10
       Tomahawk          |       |       |       |    76 |   114 |   241 |   133 ||   564
       Javelin           |       |       |       |     4 |    62 |   154 |   272 ||   492
Invok: Trog's Hand       |       |       |       |     1 |       |     4 |     3 ||     8
       Berserk           |       |       |       |     6 |     2 |     7 |     5 ||    20
       Brothers in Arms  |       |       |       |       |       |     5 |     3 ||     8
Evoke: Wand              |       |       |       |     5 |     2 |     2 |     4 ||    13
       Phial of floods   |       |       |       |     1 |     1 |     1 |       ||     3
       Fan of gales      |       |       |       |       |       |     1 |       ||     1
       Lamp of fire      |       |       |       |       |       |     1 |       ||     1
  Use: Scroll            |       |       |       |    27 |     6 |    10 |    10 ||    53
       Potion            |       |       |       |    10 |     3 |    18 |     4 ||    35
 Stab: Sleeping          |       |       |       |     1 |     2 |       |       ||     3
       Distracted        |       |       |       |       |     3 |     1 |       ||     4
       Invisible         |       |       |       |       |       |     5 |       ||     5
  Eat: Chunk             |       |     5 |     9 |    51 |    53 |    65 |    45 ||   228
       Bread ration      |       |     2 |     1 |       |       |       |       ||     3
       Fruit             |       |       |     2 |       |       |       |       ||     2
       Pizza             |       |       |       |     2 |       |     1 |     2 ||     5
       Beef jerky        |       |       |       |       |       |     1 |     1 ||     2
       Meat ration       |       |       |       |       |       |     1 |       ||     1
